Flyers vs Blues

Created - February 20, 2021 at 20:22

Goals
1 2 3 T
Flyers 0 1 0 1
Blues 0 1 2 3
Shots
1 2 3 T
Flyers 11 11 8 30
Blues 10 7 11 28

1st period

No Goal

Penalties :
Victor Bartley (Phi) for Holding (Minor) at 0:00

2nd period

1. Flyers , J.T. Miller 20 (Jakub Voracek 33) at 3:24
2. Blues , Brandon Yip 4 (Vincent Lecavalier 3) at 14:01

Penalties :
Chris Mcallister (Phi) for Slashing (Minor) at 16:05

3rd period

3. Blues , Kevin Hayes 10 (Ryan O'Reilly 24, Alex Pietrangelo 44) at 17:01 (PP)
4. Blues , Cody Ceci 1 (Jacob Slavin 13, Vincent Lecavalier 4) at 17:13

Penalties :
Jeff Carter (Phi) for Hooking (Minor) at 0:53, Fabian Brunnstrom (STL) for Tripping (Minor) at 7:17, Matt Smaby (Phi) for Roughing (Double Minor) at 14:50

Goalie Stats

Steve Mason (Phi), 25 saves from 28 shots - (0.893), L, 21-16-6, 60:00 minutes
Pascal Leclaire (STL), 29 saves from 30 shots - (0.967), W, 4-3-2, 60:00 minutes

Players Stats for Flyers

Player Name              G  A  P  +/- PIM S  H  SB GA TA FO     MP     PP MP  PK MP  
------------------------------------------------------------------------------------
Brock Nelson             0  0  0  -1  0   3  1  0  0  0  0/0    12:44   0:00   0:31 
Chris Mcallister         0  0  0  -1  2   1  0  0  0  0  1/2    17:21   0:57   0:53 
Dylan Olsen              0  0  0   0  0   1  1  1  0  0  0/0    13:15   0:00   0:00 
Erik Christensen         0  0  0  -1  0   1  2  0  1  1  5/9    15:00   0:00   2:04 
J.T. Miller              1  0  1   1  0   4  1  0  2  0  1/1    19:20   1:02   4:20 
Jakub Voracek            0  1  1   1  0   3  2  1  0  0  1/2    17:22   1:02   2:25 
Jeff Carter              0  0  0   1  2   4  0  1  0  0  12/26  23:28   0:59   2:30 
Jeff Woywitka            0  0  0  -1  0   0  2  0  0  1  0/0    19:06   0:49   3:44 
Jonathan Ericsson        0  0  0   0  0   0  0  1  0  2  0/0    27:39   1:10   4:25 
Jordan Nolan             0  0  0  -1  0   3  4  1  1  1  3/10   19:16   0:57   3:24 
Marcus Kruger            0  0  0  -1  0   0  0  0  0  0  0/0    15:47   0:57   0:00 
Mats Zuccarello          0  0  0  -1  0   3  1  1  0  0  0/0    12:19   0:00   0:00 
Matt Smaby               0  0  0   0  4   2  2  0  0  1  0/0    26:44   1:10   3:31 
Matthew Lombardi         0  0  0   0  0   1  0  1  0  1  1/3     8:17   0:00   0:11 
Nathan Beaulieu          0  0  0  -1  0   1  1  1  0  0  0/0    19:06   0:49   3:44 
Ryan Callahan            0  0  0   0  0   1  0  0  0  0  0/0     8:03   0:00   0:00 
Tyler Randell            0  0  0   0  0   0  2  0  0  0  0/0     2:15   0:03   0:00 
Victor Bartley           0  0  0   0  2   2  0  1  0  1  0/0    14:46   0:00   0:54 

Players Stats for Blues

Player Name              G  A  P  +/- PIM S  H  SB GA TA FO     MP     PP MP  PK MP  
------------------------------------------------------------------------------------
Alex Pietrangelo         0  1  1   0  0   3  0  1  3  0  0/0    28:08   5:31   0:00 
Anthony Mantha           0  0  0  -1  0   1  0  0  0  0  2/3    12:23   0:00   0:00 
Brandon Yip              1  0  1   1  0   2  0  0  0  0  0/0     8:42   0:00   0:00 
Cody Ceci                1  0  1   1  0   2  2  1  0  1  0/0    14:08   0:00   1:08 
David Perron             0  0  0   0  0   0  2  0  1  0  1/2    15:24   3:49   0:52 
Drew Shore               0  0  0  -1  0   0  1  0  1  0  2/5    13:28   0:00   1:05 
Fabian Brunnstrom        0  0  0  -1  2   0  2  0  0  1  0/0    13:25   0:39   0:00 
Filip Forsberg           0  0  0   0  0   2  0  0  1  1  1/1     4:33   0:00   0:00 
Jacob Slavin             0  1  1   1  0   2  0  3  0  0  0/0    17:12   2:38   0:00 
Jake Gardiner            0  0  0   0  0   1  2  0  1  0  0/0    22:49   5:31   0:51 
Kevin Hayes              1  0  1   0  0   2  1  1  0  0  1/1    22:19   4:20   0:00 
Linus Omark              0  0  0   1  0   1  2  0  0  0  0/0    12:22   3:41   0:00 
Nicklas Backstrom        0  0  0   1  0   4  3  1  0  0  14/27  21:55   3:49   0:05 
Ryan Murray              0  0  0   0  0   2  1  1  0  0  0/0    23:22   2:38   0:51 
Ryan O'Reilly            0  1  1   0  0   1  0  0  0  0  4/6    16:56   4:20   0:49 
Tyler Johnson            0  0  0   1  0   2  2  0  0  1  2/5    22:42   3:49   1:07 
Vincent Lecavalier       0  2  2   2  0   2  0  0  1  0  2/3    13:51   0:00   0:00 
Yann Sauvé               0  0  0   0  0   1  0  0  0  0  0/0    14:21   0:00   1:08 

3 Stars

1 - Pascal Leclaire (STL)
2 - Cody Ceci (STL)
3 - Vincent Lecavalier (STL)

Power Play

Flyers - 0 on 1 Attempt(s) - 0.00%
Blues - 1 on 5 Attempt(s) - 20.00%

Penalty Kill

Flyers - 4 on 5 Attempt(s) - 80.00% - Score 0 goal in Penalty Kill
Blues - 1 on 1 Attempt(s) - 100.00% - Score 0 goal in Penalty Kill

Team Stat

Flyers - Hits : 19 - Faceoff Wins : 24 - Blocked Shots : 9 - Penalty Minutes : 10
Blues - Hits : 18 - Faceoff Wins : 29 - Blocked Shots : 8 - Penalty Minutes : 2

Official

Referees : Unknown
Linesman : Unknown

Game Notes

Filip Forsberg is injured at 13:17 of 1st period (Right Foot)

Finance

Level 1 -- Attendance: 5079 (84.65%) -- Ticket Income $584,085
Level 2 -- Attendance: 3747 (74.94%) -- Ticket Income $281,025
Level 3 -- Attendance: 1560 (78.00%) -- Ticket Income $78,000
Level 4 -- Attendance: 3031 (75.78%) -- Ticket Income $106,085
Luxury Box -- Attendance: 681 (68.10%) -- Ticket Income $153,225
Game was played at the Scotttrade center.
Total Attendance: 14098 (78.32%)
Total Ticket Income: $1,202,420
Other Income: $180,363
Total Income: $1,382,783

Flyers

5 vs 5 Forward 
   Center                   Left Wing                Right Wing               Time % Phy DF OF 
 1 Jeff Carter              J.T. Miller              Jakub Voracek            40     1   2  2  
 2 Jordan Nolan             Chris Mcallister         Marcus Kruger            30     1   2  2  
 3 Erik Christensen         Brock Nelson             Mats Zuccarello          20     1   2  2  
 4 Matthew Lombardi         Jeff Carter              Ryan Callahan            10     1   2  2  

5 vs 5 Defense 
   Defense                  Defense                                           Time % Phy DF OF 
 1 Matt Smaby               Jonathan Ericsson                                 40     1   2  2  
 2 Jeff Woywitka            Nathan Beaulieu                                   30     1   2  2  
 3 Dylan Olsen              Victor Bartley                                    20     1   2  2  
 4 Matt Smaby               Jonathan Ericsson                                 10     1   2  2  

PowerPlay Forward 
   Center                   Left Wing                Right Wing               Time % Phy DF OF 
 1 Jeff Carter              J.T. Miller              Jakub Voracek            60     1   2  2  
 2 Jordan Nolan             Chris Mcallister         Marcus Kruger            40     1   2  2  

PowerPlay Defense
   Defense                  Defense                                           Time % Phy DF OF 
 1 Matt Smaby               Jonathan Ericsson                                 60     1   2  2  
 2 Jeff Woywitka            Nathan Beaulieu                                   40     1   2  2  

Penalty Kill 4 Players Forward 
   Center                   Wing                     Time % Phy DF OF 
 1 Jeff Carter              J.T. Miller              60     1   2  2  
 2 Jakub Voracek            Jordan Nolan             40     1   2  2  

Penalty Kill 4 Players Defense
   Defense                  Defense                  Time % Phy DF OF 
 1 Matt Smaby               Jonathan Ericsson        60     1   2  2  
 2 Jeff Woywitka            Nathan Beaulieu          40     1   2  2  

Penalty Kill - 3 Players Forward 
   Forward                                           Time % Phy DF OF 
 1 Jeff Carter                                       60     1   2  2  
 2 J.T. Miller                                       40     1   2  2  

Penalty Kill - 3 Players Defense
   Defense                  Defense                  Time % Phy DF OF 
 1 Matt Smaby               Jonathan Ericsson        60     1   2  2  
 2 Jeff Woywitka            Nathan Beaulieu          40     1   2  2  

4 vs 4 Forward 
   Center                   Wing                     Time % Phy DF OF 
 1 Jeff Carter              J.T. Miller              60     1   2  2  
 2 Jakub Voracek            Jordan Nolan             40     1   2  2  

4 vs 4 Defense
   Defense                  Defense                  Time % Phy DF OF 
 1 Matt Smaby               Jonathan Ericsson        60     1   2  2  
 2 Jeff Woywitka            Nathan Beaulieu          40     1   2  2  

Last Minutes Offensive
   Center                   Left Wing                Right Wing               Defense                  Defense                  
   Jeff Carter              J.T. Miller              Jakub Voracek            Matt Smaby               Jonathan Ericsson        

Last Minutes Defensive
   Center                   Left Wing                Right Wing               Defense                  Defense                  
   Jeff Carter              J.T. Miller              Jakub Voracek            Matt Smaby               Jonathan Ericsson        

Goaltenders
Starting : Steve Mason              
Backup : Ray Emery                

Extra Forwards
Normal : Tyler Randell, Mats Zuccarello, Erik Christensen - PP : Tyler Randell, Mats Zuccarello - PK : Erik Christensen
Extra Defensemen
Normal : Dylan Olsen, Victor Bartley, Jeff Woywitka - PP : Dylan Olsen - PK : Victor Bartley, Jeff Woywitka
Penalty Shots
Jeff Carter, J.T. Miller, Jakub Voracek, Jordan Nolan, Marcus Kruger

Scratches
Drew Miller (Bruised Right Leg Injury), Oliver Ekman-Larsson (Bruised Right Arm Injury), Brian Lashoff (Healthy), Ilya Sorokin (Healthy)

Blues

5 vs 5 Forward 
   Center                   Left Wing                Right Wing               Time % Phy DF OF 
 1 Nicklas Backstrom        Filip Forsberg           Tyler Johnson            40     1   2  2  
 2 Ryan O'Reilly            David Perron             Kevin Hayes              30     1   2  2  
 3 Drew Shore               Fabian Brunnstrom        Anthony Mantha           20     1   2  2  
 4 Vincent Lecavalier       Linus Omark              Brandon Yip              10     1   2  2  

5 vs 5 Defense 
   Defense                  Defense                                           Time % Phy DF OF 
 1 Alex Pietrangelo         Ryan Murray                                       40     1   2  2  
 2 Yann Sauvé               Jake Gardiner                                     30     1   2  2  
 3 Cody Ceci                Jacob Slavin                                      20     1   2  2  
 4 Alex Pietrangelo         Jake Gardiner                                     10     1   2  2  

PowerPlay Forward 
   Center                   Left Wing                Right Wing               Time % Phy DF OF 
 1 Nicklas Backstrom        David Perron             Tyler Johnson            60     1   1  3  
 2 Ryan O'Reilly            Filip Forsberg           Kevin Hayes              40     1   1  3  

PowerPlay Defense
   Defense                  Defense                                           Time % Phy DF OF 
 1 Alex Pietrangelo         Jake Gardiner                                     60     1   2  2  
 2 Jacob Slavin             Ryan Murray                                       40     1   2  2  

Penalty Kill 4 Players Forward 
   Center                   Wing                     Time % Phy DF OF 
 1 Drew Shore               Tyler Johnson            60     1   3  1  
 2 Ryan O'Reilly            David Perron             40     1   3  1  

Penalty Kill 4 Players Defense
   Defense                  Defense                  Time % Phy DF OF 
 1 Yann Sauvé               Cody Ceci                60     2   3  0  
 2 Ryan Murray              Jake Gardiner            40     2   3  0  

Penalty Kill - 3 Players Forward 
   Forward                                           Time % Phy DF OF 
 1 Nicklas Backstrom                                 60     1   2  2  
 2 Tyler Johnson                                     40     1   2  2  

Penalty Kill - 3 Players Defense
   Defense                  Defense                  Time % Phy DF OF 
 1 Alex Pietrangelo         Cody Ceci                60     1   2  2  
 2 Ryan Murray              Yann Sauvé               40     1   2  2  

4 vs 4 Forward 
   Center                   Wing                     Time % Phy DF OF 
 1 Nicklas Backstrom        Tyler Johnson            60     1   2  2  
 2 Ryan O'Reilly            David Perron             40     1   2  2  

4 vs 4 Defense
   Defense                  Defense                  Time % Phy DF OF 
 1 Alex Pietrangelo         Cody Ceci                60     1   2  2  
 2 Jake Gardiner            Yann Sauvé               40     1   2  2  

Last Minutes Offensive
   Center                   Left Wing                Right Wing               Defense                  Defense                  
   Nicklas Backstrom        David Perron             Tyler Johnson            Alex Pietrangelo         Jake Gardiner            

Last Minutes Defensive
   Center                   Left Wing                Right Wing               Defense                  Defense                  
   Drew Shore               David Perron             Tyler Johnson            Yann Sauvé               Cody Ceci                

Goaltenders
Starting : Pascal Leclaire          
Backup : Carey Price              

Extra Forwards
Normal : Kevin Hayes, Vincent Lecavalier, Ryan O'Reilly - PP : Linus Omark, Nicklas Backstrom - PK : Filip Forsberg
Extra Defensemen
Normal : Cody Ceci, Jake Gardiner, Ryan Murray - PP : Yann Sauvé - PK : Jacob Slavin, Jake Gardiner
Penalty Shots
David Perron, Vincent Lecavalier, Filip Forsberg, Tyler Johnson, Nicklas Backstrom

Scratches
Simon Gagné (Healthy)

% Time on Ice - Flyers

Lines # - Real PCT - Wanted PCT - Time Play
Normal Forward
1 - 29% - 40% - 14:40
2 - 30% - 30% - 15:01
3 - 24% - 20% - 12:08
4 - 16% - 10% - 8:03
Normal Defense
1 - 38% - 40% - 19:09
2 - 29% - 30% - 14:33
3 - 27% - 20% - 13:15
4 - 6% - 10% - 2:55
PP Forward
1 - 52% - 60% - 1:02
2 - 48% - 40% - 0:57
PP Defense
1 - 59% - 60% - 1:10
2 - 41% - 40% - 0:49
PK Forward
1 - 70% - 60% - 5:44
2 - 30% - 40% - 2:25
PK Defense
1 - 54% - 60% - 4:25
2 - 46% - 40% - 3:44
PK3 Forward
1 - 0% - 60%
2 - 0% - 40%
PK3 Defense
1 - 0% - 60%
2 - 0% - 40%
44 Forward
1 - 0% - 60%
2 - 0% - 40%
44 Defense
1 - 0% - 60%
2 - 0% - 40%
Last Minute Offensive  - 0:00
Last Minute Defensive  - 0:00
Total
Forward - 60:00
Defense - 60:00

% Time on Ice - Blues

Lines # - Real PCT - Wanted PCT - Time Play
Normal Forward
1 - 37% - 40% - 18:25
2 - 22% - 30% - 11:00
3 - 25% - 20% - 12:23
4 - 16% - 10% - 8:04
Normal Defense
1 - 38% - 40% - 18:56
2 - 27% - 30% - 13:13
3 - 27% - 20% - 13:33
4 - 8% - 10% - 4:10
PP Forward
1 - 47% - 60% - 3:49
2 - 53% - 40% - 4:20
PP Defense
1 - 68% - 60% - 5:31
2 - 32% - 40% - 2:38
PK Forward
1 - 96% - 60% - 1:54
2 - 4% - 40% - 0:05
PK Defense
1 - 57% - 60% - 1:08
2 - 43% - 40% - 0:51
PK3 Forward
1 - 0% - 60%
2 - 0% - 40%
PK3 Defense
1 - 0% - 60%
2 - 0% - 40%
44 Forward
1 - 0% - 60%
2 - 0% - 40%
44 Defense
1 - 0% - 60%
2 - 0% - 40%
Last Minute Offensive  - 0:00
Last Minute Defensive  - 0:00
Total
Forward - 60:00
Defense - 60:00

Play-by-Play

1st period


0:01 of 1st period - Nicklas Backstrom wins face-off versus Jeff Carter in neutral zone.
0:04 of 1st period - Wrist shot by Filip Forsberg.
0:04 of 1st period - Stopped by Steve Mason without a rebound.
0:05 of 1st period - J.T. Miller wins face-off versus Nicklas Backstrom in Flyers zone.
1:27 of 1st period - Wrist shot by Ryan Callahan.
1:27 of 1st period - Deflect By Jeff Carter.
1:27 of 1st period - Shot Misses the Net.
1:27 of 1st period - Puck is out of play.
1:28 of 1st period - Jeff Carter wins face-off versus Tyler Johnson in Blues zone.
1:54 of 1st period - Cody Ceci is hit by Dylan Olsen and loses puck.
2:01 of 1st period - Snap shot by Marcus Kruger.
2:01 of 1st period - Shot Misses the Net.
2:03 of 1st period - Slapshot by Nathan Beaulieu.
2:03 of 1st period - Deflect By Kevin Hayes.
2:03 of 1st period - Stopped by Pascal Leclaire with a rebound.
2:07 of 1st period - Wrist shot by Chris Mcallister.
2:07 of 1st period - Shot Misses the Net.
2:23 of 1st period - Jacob Slavin is hit by Jeff Woywitka.
2:46 of 1st period - Snap shot by Ryan Callahan.
2:46 of 1st period - Shot Misses the Net.
3:09 of 1st period - Slapshot by Jake Gardiner.
3:09 of 1st period - Stopped by Steve Mason with a rebound.
3:23 of 1st period - Chris Mcallister is hit by David Perron and loses puck.
3:50 of 1st period - Yann Sauvé is hit by Mats Zuccarello and loses puck.
4:23 of 1st period - Slapshot by Jake Gardiner.
4:23 of 1st period - Shot Misses the Net.
4:25 of 1st period - Wrist shot by Fabian Brunnstrom.
4:25 of 1st period - Shot Misses the Net.
4:27 of 1st period - Snap shot by Anthony Mantha.
4:27 of 1st period - Shot Blocked by Jordan Nolan.
5:26 of 1st period - Slapshot by Fabian Brunnstrom.
5:26 of 1st period - Shot Blocked by Dylan Olsen.
6:00 of 1st period - Cody Ceci is hit by Tyler Randell and loses puck.
6:38 of 1st period - Slapshot by Ryan Murray.
6:38 of 1st period - Stopped by Steve Mason with a rebound.
7:03 of 1st period - Slapshot by Matt Smaby.
7:03 of 1st period - Shot Misses the Net.
7:05 of 1st period - Wrist shot by Matthew Lombardi.
7:05 of 1st period - Stopped by Pascal Leclaire without a rebound.
7:06 of 1st period - Jeff Carter wins face-off versus Nicklas Backstrom in Blues zone.
7:17 of 1st period - Wrist shot by Jeff Carter.
7:17 of 1st period - Stopped by Pascal Leclaire with a rebound.
7:19 of 1st period - Slapshot by Jakub Voracek.
7:19 of 1st period - Stopped by Pascal Leclaire without a rebound.
7:20 of 1st period - Nicklas Backstrom wins face-off versus Jeff Carter in Blues zone.
7:37 of 1st period - Slapshot by Nicklas Backstrom.
7:37 of 1st period - Stopped by Steve Mason with a rebound.
7:44 of 1st period - Icing by Matt Smaby.
7:45 of 1st period - Jeff Carter wins face-off versus Ryan O'Reilly in Flyers zone.
8:40 of 1st period - Wrist shot by Vincent Lecavalier.
8:40 of 1st period - Shot Misses the Net.
8:42 of 1st period - Slapshot by Yann Sauvé.
8:42 of 1st period - Shot Misses the Net.
8:51 of 1st period - Icing by Matt Smaby.
8:52 of 1st period - Erik Christensen wins face-off versus Drew Shore in Flyers zone.
10:12 of 1st period - Backhand shot by Jakub Voracek.
10:12 of 1st period - Deflect By J.T. Miller.
10:12 of 1st period - Deflect By Alex Pietrangelo.
10:12 of 1st period - Shot Blocked by Ryan Murray.
10:12 of 1st period - Puck is out of play.
10:13 of 1st period - Nicklas Backstrom wins face-off versus Jeff Carter in Blues zone.
10:49 of 1st period - Dylan Olsen is hit by Cody Ceci and loses puck.
11:04 of 1st period - Mats Zuccarello is hit by Fabian Brunnstrom and loses puck.
11:47 of 1st period - Snap shot by Filip Forsberg.
11:47 of 1st period - Stopped by Steve Mason with a rebound.
11:53 of 1st period - Slapshot by Nicklas Backstrom.
11:53 of 1st period - Shot Misses the Net.
12:09 of 1st period - Snap shot by J.T. Miller.
12:09 of 1st period - Shot Misses the Net.
12:49 of 1st period - Snap shot by Jakub Voracek.
12:49 of 1st period - Shot Misses the Net.
13:07 of 1st period - Backhand shot by Alex Pietrangelo.
13:07 of 1st period - Stopped by Steve Mason without a rebound.
13:08 of 1st period - Erik Christensen wins face-off versus Nicklas Backstrom in Flyers zone.
13:15 of 1st period - Wrist shot by Brock Nelson.
13:15 of 1st period - Stopped by Pascal Leclaire without a rebound.
13:16 of 1st period - Filip Forsberg wins face-off versus Erik Christensen in Blues zone.
13:16 of 1st period - Filip Forsberg is hit by Erik Christensen.
13:17 of 1st period - Filip Forsberg from Blues is injured at 13:17 of 1st period (Right Foot).
13:18 of 1st period - Jakub Voracek wins face-off versus Nicklas Backstrom in Blues zone.
13:19 of 1st period - Wrist shot by Jeff Carter.
13:19 of 1st period - Stopped by Pascal Leclaire with a rebound.
13:29 of 1st period - Slapshot by Alex Pietrangelo.
13:29 of 1st period - Shot Blocked by Jeff Carter.
13:51 of 1st period - Wrist shot by Vincent Lecavalier.
13:51 of 1st period - Stopped by Steve Mason with a rebound.
13:53 of 1st period - Slapshot by Cody Ceci.
13:53 of 1st period - Shot Blocked by Jakub Voracek.
13:55 of 1st period - Snap shot by Brandon Yip.
13:55 of 1st period - Stopped by Steve Mason with a rebound.
13:57 of 1st period - Slapshot by Jacob Slavin.
13:57 of 1st period - Shot Blocked by Jonathan Ericsson.
14:18 of 1st period - David Perron is hit by Jeff Woywitka and loses puck.
14:25 of 1st period - Wrist shot by Jeff Carter.
14:25 of 1st period - Shot Blocked by Jacob Slavin.
14:27 of 1st period - Snap shot by Jakub Voracek.
14:27 of 1st period - Shot Misses the Net.
14:31 of 1st period - Snap shot by Jeff Carter.
14:31 of 1st period - Stopped by Pascal Leclaire with a rebound.
14:33 of 1st period - Wrist shot by J.T. Miller.
14:33 of 1st period - Stopped by Pascal Leclaire without a rebound.
14:34 of 1st period - Nicklas Backstrom wins face-off versus Jordan Nolan in Blues zone.
14:34 of 1st period - Nicklas Backstrom is hit by Jordan Nolan.
15:07 of 1st period - Nathan Beaulieu is hit by Fabian Brunnstrom and loses puck.
15:29 of 1st period - Jeff Woywitka is hit by Jake Gardiner and loses puck.
16:26 of 1st period - Matthew Lombardi is hit by Cody Ceci and loses puck.
16:30 of 1st period - Icing by Matt Smaby.
16:31 of 1st period - Matthew Lombardi wins face-off versus Nicklas Backstrom in Flyers zone.
16:38 of 1st period - Wrist shot by Jeff Carter.
16:38 of 1st period - Shot Misses the Net.
16:52 of 1st period - Snap shot by Alex Pietrangelo.
16:52 of 1st period - Stopped by Steve Mason without a rebound.
16:53 of 1st period - Jordan Nolan wins face-off versus Anthony Mantha in Flyers zone.
17:20 of 1st period - Snap shot by Ryan O'Reilly.
17:20 of 1st period - Shot Misses the Net.
17:52 of 1st period - Backhand shot by Jordan Nolan.
17:52 of 1st period - Shot Misses the Net.
17:54 of 1st period - Slapshot by Dylan Olsen.
17:54 of 1st period - Stopped by Pascal Leclaire without a rebound.
17:55 of 1st period - Jeff Carter wins face-off versus Vincent Lecavalier in Blues zone.
18:08 of 1st period - Snap shot by J.T. Miller.
18:08 of 1st period - Shot Misses the Net.
18:10 of 1st period - Slapshot by Jakub Voracek.
18:10 of 1st period - Stopped by Pascal Leclaire without a rebound.
18:11 of 1st period - Nicklas Backstrom wins face-off versus Jeff Carter in Blues zone.
18:11 of 1st period - Nicklas Backstrom is hit by Matt Smaby.
18:28 of 1st period - Matt Smaby is hit by Kevin Hayes and loses puck.
18:41 of 1st period - Alex Pietrangelo is hit by Erik Christensen and loses puck.
18:50 of 1st period - Brock Nelson is hit by Drew Shore and loses puck.
19:17 of 1st period - Snap shot by Tyler Johnson.
19:17 of 1st period - Stopped by Steve Mason with a rebound.
19:44 of 1st period - Snap shot by Mats Zuccarello.
19:44 of 1st period - Stopped by Pascal Leclaire with a rebound.
0:00 of 2nd period - Minor Penalty to Victor Bartley for Holding.
Goals for this period are 0 for Flyers vs 0 for Blues.
Shots for this period are 11 for Flyers vs 10 for Blues.

2nd period


0:01 of 2nd period - Nicklas Backstrom wins face-off versus Jeff Carter in neutral zone.
1:00 of 2nd period - Snap shot by Jordan Nolan.
1:00 of 2nd period - Stopped by Pascal Leclaire without a rebound.
1:01 of 2nd period - Jeff Carter wins face-off versus Ryan O'Reilly in Blues zone.
1:48 of 2nd period - Jonathan Ericsson is hit by Tyler Johnson and loses puck.
2:00 of 2nd period - Penalty to Victor Bartley is over, Victor Bartley is back on ice.
2:01 of 2nd period - Snap shot by Erik Christensen.
2:01 of 2nd period - Shot Blocked by Kevin Hayes.
2:03 of 2nd period - Slapshot by Jonathan Ericsson.
2:03 of 2nd period - Shot Blocked by Jacob Slavin.
2:05 of 2nd period - Snap shot by Matt Smaby.
2:05 of 2nd period - Deflect By Ryan Murray.
2:05 of 2nd period - Stopped by Pascal Leclaire with a rebound.
2:17 of 2nd period - Snap shot by Chris Mcallister.
2:17 of 2nd period - Stopped by Pascal Leclaire with a rebound.
2:34 of 2nd period - Snap shot by Chris Mcallister.
2:34 of 2nd period - Shot Blocked by Jacob Slavin.
2:36 of 2nd period - Wrist shot by Victor Bartley.
2:36 of 2nd period - Stopped by Pascal Leclaire without a rebound.
2:37 of 2nd period - Nicklas Backstrom wins face-off versus Matthew Lombardi in Blues zone.
2:48 of 2nd period - Slapshot by Tyler Johnson.
2:48 of 2nd period - Shot Blocked by Nathan Beaulieu.
2:50 of 2nd period - Wrist shot by Nicklas Backstrom.
2:50 of 2nd period - Deflect By Tyler Johnson.
2:50 of 2nd period - Shot Hit the Post.
2:50 of 2nd period - Puck is out of play.
2:51 of 2nd period - Jordan Nolan wins face-off versus Tyler Johnson in Flyers zone.
2:56 of 2nd period - Tyler Johnson is hit by Nathan Beaulieu and loses puck.
3:17 of 2nd period - Anthony Mantha is hit by Jakub Voracek and loses puck.
3:24 of 2nd period - Slapshot by J.T. Miller.
3:24 of 2nd period - Goal by J.T. Miller - Flyers : 1 - Blues : 0.
3:25 of 2nd period - Nicklas Backstrom wins face-off versus Jeff Carter in neutral zone.
3:34 of 2nd period - Slapshot by Nicklas Backstrom.
3:34 of 2nd period - Stopped by Steve Mason with a rebound.
3:42 of 2nd period - Snap shot by Nicklas Backstrom.
3:42 of 2nd period - Stopped by Steve Mason without a rebound.
3:43 of 2nd period - Chris Mcallister wins face-off versus Drew Shore in Flyers zone.
3:52 of 2nd period - Fabian Brunnstrom is hit by Jordan Nolan and loses puck.
4:06 of 2nd period - Icing by Alex Pietrangelo.
4:07 of 2nd period - Drew Shore wins face-off versus Jeff Carter in Blues zone.
4:16 of 2nd period - Slapshot by Ryan Murray.
4:16 of 2nd period - Stopped by Steve Mason without a rebound.
4:17 of 2nd period - Nicklas Backstrom wins face-off versus Jeff Carter in Flyers zone.
4:23 of 2nd period - Off-side.
4:24 of 2nd period - Jeff Carter wins face-off versus Nicklas Backstrom in neutral zone.
5:31 of 2nd period - Backhand shot by Ryan Callahan.
5:31 of 2nd period - Stopped by Pascal Leclaire with a rebound.
6:56 of 2nd period - Wrist shot by Jordan Nolan.
6:56 of 2nd period - Stopped by Pascal Leclaire with a rebound.
6:58 of 2nd period - Snap shot by Victor Bartley.
6:58 of 2nd period - Stopped by Pascal Leclaire without a rebound.
6:59 of 2nd period - Ryan O'Reilly wins face-off versus Jordan Nolan in Blues zone.
7:12 of 2nd period - Wrist shot by Jordan Nolan.
7:12 of 2nd period - Stopped by Pascal Leclaire with a rebound.
8:06 of 2nd period - Off-side.
8:07 of 2nd period - Vincent Lecavalier wins face-off versus Jordan Nolan in neutral zone.
8:32 of 2nd period - Nathan Beaulieu is hit by Nicklas Backstrom and loses puck.
8:53 of 2nd period - Ryan Murray is hit by Brock Nelson and loses puck.
10:01 of 2nd period - Wrist shot by Brock Nelson.
10:01 of 2nd period - Stopped by Pascal Leclaire with a rebound.
10:22 of 2nd period - Off-side.
10:23 of 2nd period - Jeff Carter wins face-off versus Tyler Johnson in neutral zone.
11:11 of 2nd period - Brock Nelson is hit by Jake Gardiner and loses puck.
13:51 of 2nd period - Slapshot by Linus Omark.
13:51 of 2nd period - Stopped by Steve Mason with a rebound.
13:53 of 2nd period - Snap shot by Yann Sauvé.
13:53 of 2nd period - Stopped by Steve Mason without a rebound.
13:54 of 2nd period - Vincent Lecavalier wins face-off versus Jordan Nolan in Flyers zone.
14:01 of 2nd period - Wrist shot by Brandon Yip.
14:01 of 2nd period - Goal by Brandon Yip - Flyers : 1 - Blues : 1.
14:02 of 2nd period - Nicklas Backstrom wins face-off versus Jeff Carter in neutral zone.
14:11 of 2nd period - Wrist shot by Jeff Carter.
14:11 of 2nd period - Shot Blocked by Alex Pietrangelo.
14:13 of 2nd period - Snap shot by Jakub Voracek.
14:13 of 2nd period - Stopped by Pascal Leclaire with a rebound.
14:15 of 2nd period - Snap shot by Jeff Carter.
14:15 of 2nd period - Deflect By J.T. Miller.
14:15 of 2nd period - Shot Hit the Post.
14:15 of 2nd period - Puck is out of play.
14:16 of 2nd period - Jeff Carter wins face-off versus Nicklas Backstrom in Blues zone.
15:26 of 2nd period - Slapshot by Jake Gardiner.
15:26 of 2nd period - Shot Blocked by Matthew Lombardi.
16:05 of 2nd period - Minor Penalty to Chris Mcallister for Slashing.
16:06 of 2nd period - Jeff Carter wins face-off versus David Perron in Flyers zone.
16:17 of 2nd period - Wrist shot by Nicklas Backstrom.
16:17 of 2nd period - Shot Misses the Net.
16:39 of 2nd period - Wrist shot by Ryan O'Reilly.
16:39 of 2nd period - Shot Misses the Net.
16:41 of 2nd period - Slapshot by Jacob Slavin.
16:41 of 2nd period - Stopped by Steve Mason without a rebound.
16:42 of 2nd period - Jeff Carter wins face-off versus Nicklas Backstrom in Flyers zone.
17:29 of 2nd period - Jonathan Ericsson is hit by Nicklas Backstrom and loses puck.
18:02 of 2nd period - Fabian Brunnstrom is hit by Jordan Nolan and loses puck.
18:05 of 2nd period - Penalty to Chris Mcallister is over, Chris Mcallister is back on ice.
18:27 of 2nd period - Matthew Lombardi is hit by Linus Omark and loses puck.
Goals for this period are 1 for Flyers vs 1 for Blues.
Shots for this period are 11 for Flyers vs 7 for Blues.

3rd period


0:01 of 3rd period - Nicklas Backstrom wins face-off versus Jeff Carter in neutral zone.
0:08 of 3rd period - Snap shot by Nicklas Backstrom.
0:08 of 3rd period - Shot Misses the Net.
0:10 of 3rd period - Wrist shot by Alex Pietrangelo.
0:10 of 3rd period - Deflect By Nicklas Backstrom.
0:10 of 3rd period - Shot Misses the Net.
0:10 of 3rd period - Puck is out of play.
0:11 of 3rd period - Nicklas Backstrom wins face-off versus Jeff Carter in Flyers zone.
0:20 of 3rd period - Wrist shot by Nicklas Backstrom.
0:20 of 3rd period - Shot Misses the Net.
0:22 of 3rd period - Wrist shot by Kevin Hayes.
0:22 of 3rd period - Stopped by Steve Mason with a rebound.
0:24 of 3rd period - Snap shot by Alex Pietrangelo.
0:24 of 3rd period - Deflect By Tyler Johnson.
0:24 of 3rd period - Shot Misses the Net.
0:24 of 3rd period - Puck is out of play.
0:25 of 3rd period - Jeff Carter wins face-off versus Nicklas Backstrom in Flyers zone.
0:32 of 3rd period - Snap shot by Nicklas Backstrom.
0:32 of 3rd period - Stopped by Steve Mason without a rebound.
0:33 of 3rd period - Nicklas Backstrom wins face-off versus Jeff Carter in Flyers zone.
0:42 of 3rd period - Snap shot by Nicklas Backstrom.
0:42 of 3rd period - Shot Misses the Net.
0:53 of 3rd period - Minor Penalty to Jeff Carter for Hooking.
0:54 of 3rd period - David Perron wins face-off versus Erik Christensen in Flyers zone.
1:42 of 3rd period - Nathan Beaulieu is hit by Tyler Johnson and loses puck.
2:53 of 3rd period - Penalty to Jeff Carter is over, Jeff Carter is back on ice.
3:03 of 3rd period - Snap shot by J.T. Miller.
3:03 of 3rd period - Shot Misses the Net.
3:05 of 3rd period - Snap shot by Jeff Carter.
3:05 of 3rd period - Stopped by Pascal Leclaire with a rebound.
4:27 of 3rd period - Erik Christensen is hit by Ryan Murray and loses puck.
4:40 of 3rd period - Slapshot by Yann Sauvé.
4:40 of 3rd period - Shot Misses the Net.
5:08 of 3rd period - Snap shot by Anthony Mantha.
5:08 of 3rd period - Stopped by Steve Mason without a rebound.
5:09 of 3rd period - Anthony Mantha wins face-off versus Erik Christensen in Flyers zone.
6:04 of 3rd period - Snap shot by Linus Omark.
6:04 of 3rd period - Shot Misses the Net.
6:06 of 3rd period - Wrist shot by Jacob Slavin.
6:06 of 3rd period - Deflect By Vincent Lecavalier.
6:06 of 3rd period - Shot Blocked by Mats Zuccarello.
6:06 of 3rd period - Puck is out of play.
6:07 of 3rd period - Ryan O'Reilly wins face-off versus Jordan Nolan in Flyers zone.
6:10 of 3rd period - Snap shot by Ryan O'Reilly.
6:10 of 3rd period - Stopped by Steve Mason without a rebound.
6:11 of 3rd period - Ryan O'Reilly wins face-off versus Chris Mcallister in Flyers zone.
6:12 of 3rd period - Slapshot by Alex Pietrangelo.
6:12 of 3rd period - Stopped by Steve Mason without a rebound.
6:13 of 3rd period - Ryan O'Reilly wins face-off versus Jordan Nolan in Flyers zone.
6:16 of 3rd period - Snap shot by Ryan O'Reilly.
6:16 of 3rd period - Shot Misses the Net.
6:55 of 3rd period - Icing by Ryan Murray.
6:56 of 3rd period - Erik Christensen wins face-off versus Drew Shore in Blues zone.
7:05 of 3rd period - Snap shot by Erik Christensen.
7:05 of 3rd period - Shot Misses the Net.
7:07 of 3rd period - Wrist shot by Mats Zuccarello.
7:07 of 3rd period - Stopped by Pascal Leclaire with a rebound.
7:09 of 3rd period - Wrist shot by Erik Christensen.
7:09 of 3rd period - Shot Misses the Net.
7:11 of 3rd period - Slapshot by Matt Smaby.
7:11 of 3rd period - Stopped by Pascal Leclaire with a rebound.
7:17 of 3rd period - Minor Penalty to Fabian Brunnstrom for Tripping.
7:18 of 3rd period - Drew Shore wins face-off versus Jeff Carter in Blues zone.
7:18 of 3rd period - Drew Shore is hit by Matt Smaby.
9:17 of 3rd period - Penalty to Fabian Brunnstrom is over, Fabian Brunnstrom is back on ice.
9:25 of 3rd period - Jeff Woywitka is hit by Linus Omark and loses puck.
9:55 of 3rd period - Icing by Nathan Beaulieu.
9:56 of 3rd period - Anthony Mantha wins face-off versus Matthew Lombardi in Flyers zone.
10:35 of 3rd period - Wrist shot by Mats Zuccarello.
10:35 of 3rd period - Stopped by Pascal Leclaire with a rebound.
10:37 of 3rd period - Slapshot by Dylan Olsen.
10:37 of 3rd period - Deflect By Erik Christensen.
10:37 of 3rd period - Stopped by Pascal Leclaire without a rebound.
10:38 of 3rd period - Erik Christensen wins face-off versus Nicklas Backstrom in Blues zone.
11:07 of 3rd period - Wrist shot by Vincent Lecavalier.
11:07 of 3rd period - Stopped by Steve Mason without a rebound.
11:08 of 3rd period - Jeff Carter wins face-off versus Nicklas Backstrom in Flyers zone.
11:13 of 3rd period - Nicklas Backstrom is hit by Jakub Voracek and loses puck.
11:18 of 3rd period - Wrist shot by J.T. Miller.
11:18 of 3rd period - Stopped by Pascal Leclaire with a rebound.
11:20 of 3rd period - Slapshot by Matt Smaby.
11:20 of 3rd period - Shot Blocked by Nicklas Backstrom.
11:24 of 3rd period - Wrist shot by J.T. Miller.
11:24 of 3rd period - Stopped by Pascal Leclaire without a rebound.
11:25 of 3rd period - Kevin Hayes wins face-off versus Jordan Nolan in Blues zone.
11:37 of 3rd period - Snap shot by Nicklas Backstrom.
11:37 of 3rd period - Shot Misses the Net.
11:49 of 3rd period - Fabian Brunnstrom is hit by J.T. Miller.
13:41 of 3rd period - Jeff Carter is hit by Nicklas Backstrom and loses puck.
14:03 of 3rd period - Slapshot by Nathan Beaulieu.
14:03 of 3rd period - Shot Misses the Net.
14:50 of 3rd period - Double Minor Penalty to Matt Smaby for Roughing.
14:51 of 3rd period - Jordan Nolan wins face-off versus Nicklas Backstrom in Flyers zone.
14:56 of 3rd period - Off-side.
14:57 of 3rd period - Tyler Johnson wins face-off versus Jakub Voracek in neutral zone.
15:00 of 3rd period - Jeff Woywitka is hit by David Perron and loses puck.
15:39 of 3rd period - Snap shot by Ryan O'Reilly.
15:39 of 3rd period - Shot Misses the Net.
15:41 of 3rd period - Snap shot by Linus Omark.
15:41 of 3rd period - Shot Misses the Net.
15:43 of 3rd period - Slapshot by Jake Gardiner.
15:43 of 3rd period - Shot Blocked by Victor Bartley.
17:01 of 3rd period - Snap shot by Ryan O'Reilly.
17:01 of 3rd period - Deflect By Kevin Hayes.
17:01 of 3rd period - Goal by Kevin Hayes - Flyers : 1 - Blues : 2.
17:02 of 3rd period - Erik Christensen wins face-off versus Nicklas Backstrom in neutral zone.
17:11 of 3rd period - Slapshot by Jacob Slavin.
17:11 of 3rd period - Stopped by Steve Mason with a rebound.
17:13 of 3rd period - Slapshot by Cody Ceci.
17:13 of 3rd period - Goal by Cody Ceci - Flyers : 1 - Blues : 3.
17:14 of 3rd period - Tyler Johnson wins face-off versus Jeff Carter in neutral zone.
17:19 of 3rd period - Snap shot by Vincent Lecavalier.
17:19 of 3rd period - Shot Misses the Net.
17:27 of 3rd period - Snap shot by Nicklas Backstrom.
17:27 of 3rd period - Shot Misses the Net.
17:29 of 3rd period - Backhand shot by Cody Ceci.
17:29 of 3rd period - Stopped by Steve Mason with a rebound.
17:31 of 3rd period - Wrist shot by Tyler Johnson.
17:31 of 3rd period - Stopped by Steve Mason with a rebound.
18:33 of 3rd period - Yann Sauvé is hit by Jordan Nolan and loses puck.
19:04 of 3rd period - Snap shot by Erik Christensen.
19:04 of 3rd period - Shot Blocked by Cody Ceci.
19:06 of 3rd period - Slapshot by Brock Nelson.
19:06 of 3rd period - Stopped by Pascal Leclaire without a rebound.
19:07 of 3rd period - Nicklas Backstrom wins face-off versus Erik Christensen in Blues zone.
19:59 of 3rd period - Alex Pietrangelo is hit by Tyler Randell and loses puck.
Goals for this period are 0 for Flyers vs 2 for Blues.
Shots for this period are 8 for Flyers vs 11 for Blues.